 Dungeon Crawl Stone Soup version 0.25-a0-780-g622e69b (webtiles) character file.

Game seed: 17504362075281665120, levelgen mode: deterministic

768 Gadicath the Charmwright (level 7, -9/53 HPs)
             Began as a Barachi Skald on Apr 14, 2020.
             Was a Believer of Nemelex Xobeh.
             Mangled by an iguana (11 damage)
             ... on level 5 of the Dungeon.
             The game lasted 00:32:54 (5122 turns).

Gadicath the Charmwright (Barachi Skald)            Turns: 5122, Time: 00:32:55

Health: -9/53      AC:  4    Str: 14    XL:     7   Next: 82%
Magic:  2/12       EV: 13    Int: 13    God:    Nemelex Xobeh [**....]
Gold:   236        SH:  0    Dex: 12    Spells: 7/13 levels left

rFire    . . .     SeeInvis .   q - +2 trident (pain)
rCold    + . .     Gourm    .   (no shield)
rNeg     . . .     Faith    +   b - +0 leather armour
rPois    .         Spirit   .   (no helmet)
rElec    .         Reflect  .   (no cloak)
rCorr    .         Harm     .   (no gloves)
MR       .....                  n - +0 pair of boots
Stlth    +.........             s - amulet of faith
HPRegen  0.17/turn              l - ring of protection from fire
MPRegen  0.13/turn              v - ring of ice

@: infused (expiring), slow
A: +LOS, swims, slowness 1, strong legs 1
a: Hop, Draw Escape, Draw Destruction, Draw Summoning, Renounce Religion


You were on level 5 of the Dungeon.
You worshipped Nemelex Xobeh.
Nemelex Xobeh was pleased with you.
You were not hungry.

You visited 1 branch of the dungeon, and saw 5 of its levels.
You also visited: Sewer.

You collected 236 gold pieces.

Inventory:

Hand Weapons
 a - a +0 short sword
 i - a +3 dagger of electrocution
 q - a +2 trident of pain (weapon)
Missiles
 r - 6 boomerangs (quivered)
Armour
 b - a +0 leather armour (worn)
 n - a +0 pair of boots (worn)
Magical Staves
 t - an uncursed staff of wizardry
Jewellery
 g - an uncursed ring of stealth
 l - a ring of protection from fire (left hand)
 s - an amulet of faith (around neck)
 v - a ring of ice (right hand)
Wands
 x - a wand of digging (4)
Scrolls
 e - 6 scrolls of remove curse
 f - a scroll of teleportation
 j - a scroll of amnesia {unknown}
 u - a scroll of enchant weapon {unknown}
 y - a scroll of identify
 z - a scroll of noise {unknown}
Potions
 c - 2 potions of lignification
 d - 3 potions of flight
 h - 2 potions of might {unknown}
 k - 4 potions of brilliance
 m - 3 potions of haste
 o - 3 potions of heal wounds
 p - 2 potions of stabbing
Comestibles
 w - a ration


   Skills:
 + Level 3.7 Fighting
 + Level 4.3 Short Blades
 + Level 2.2 Throwing
 + Level 3.0 Armour
 + Level 4.0 Dodging
 + Level 1.1 Stealth
 + Level 3.8 Spellcasting
 + Level 0.6 Hexes
 + Level 4.9 Charms
 + Level 1.9 Translocations


You had 7 spell levels left.
You knew the following spells:

 Your Spells              Type           Power        Failure   Level  Hunger
a - Infusion              Chrm           ###.         3%          1    None
b - Shroud of Golubria    Chrm/Tloc      ##....       10%         2    ##.....
c - Spectral Weapon       Hex/Chrm       #.......     24%         3    ###....

Your spell library contained the following spells:

 Spells                   Type           Power        Failure   Level  Hunger
 Song of Slaying          Chrm           ###.....     5%          2    ##.....
 Apportation              Tloc           #.....       12%         1    None
 Corona                   Hex            #......      21%         1    None
 Animate Skeleton         Necr           N/A          26%         1    None
 Summon Small Mammal      Summ           #...         26%         1    None
 Ozocubu's Armour         Chrm/Ice       ##......     28%         3    ###....


Dungeon Overview and Level Annotations

Branches:
Dungeon (5/15)              Sewer (visited)
 Temple: D:4-7

Altars:
Nemelex Xobeh

Shops:
D:5 :


Innate Abilities, Weirdness & Mutations

You can be seen from farther away. (+LOS)
You can swim through water.
You cover ground slowly.
You can hop short distances.


Message History

The iguana barely misses you.
You hit the iguana.
The iguana is severely wounded.
Your magical infusion is running out.
The iguana completely misses you.
You barely miss the iguana.
The iguana is severely wounded.
The iguana closely misses you.
You hit the iguana.
The iguana is almost dead.
The iguana misses you. The iguana bites you!
* * * LOW HITPOINT WARNING * * *
You closely miss the iguana.
The iguana is almost dead.
The iguana misses you.
You hit the iguana.
The iguana is almost dead.
The iguana bites you!
You die...
Your body disappears without a glow.

.........#
.........#
.........#
.........#
........>#
#######
.........# #
#.....#
.........#####.#
#......
...............#
+......
........@...#
##......
........)l..#
#.......
........)...#
#..[....
..######)...#
####.......
#....#
#..........
#....#
#.#########
#....# #.#
#....###.#
###........#


You could see an iguana.

Vanquished Creatures
  The ghost of wearedevo the Chiller, an amateur DgIE (D:3)
  A phantom (D:2)
  A big kobold (Sewer)
  A scorpion (D:4)
  A bullfrog skeleton (D:4)
  An orc wizard (D:5)
  3 orc priests
  3 worker ants (D:4)
  A hound skeleton (D:4)
  A gnoll (D:1)
  8 adders
  A shadow imp (D:3)
  3 oozes
  A worm (D:3)
  A dart slug (D:1)
  3 leopard geckos
  14 orcs
  A ball python (Sewer)
  2 giant cockroaches
  10 goblins
  3 hobgoblins
  2 jackals (D:1)
  3 quokkas
  13 bats
  4 frilled lizards
  24 kobolds
  10 rats
  A plant (Sewer)
118 creatures vanquished.

Notes
Turn   | Place    | Note
-------+----------+-------------------------------------------
     0 | D:1      | Gadicath the Barachi Skald began the quest for the Orb.
     0 | D:1      | Reached XP level 1. HP: 17/17 MP: 3/3
     6 | D:1      | Noticed a lindwurm
     6 | D:1      | Noticed a hog
     6 | D:1      | Noticed a wyvern
     6 | D:1      | Noticed an anaconda
    53 | D:1      | Reached XP level 2. HP: 20/23 MP: 5/5
    68 | D:1      | Learned a level 2 spell: Shroud of Golubria
   360 | D:1      | Reached XP level 3. HP: 16/28 MP: 0/6
   744 | D:1      | Learned a level 3 spell: Spectral Weapon
  1629 | D:2      | Noticed a phantom
  1644 | D:2      | Killed a phantom
  1644 | D:2      | Reached XP level 4. HP: 34/35 MP: 0/8
  1644 | D:2      | Reached XP level 5. HP: 40/41 MP: 0/9
  2006 | D:2      | Reached skill level 1 in Translocations
  2284 | D:3      | Found a runed translucent door.
  2284 | D:3      | Noticed wearedevo's ghost (amateur DgIE)
  2469 | D:3      | Reached skill level 1 in Throwing
  2607 | D:3      | Found a faded altar of an unknown god.
  2624 | D:3      | Became a worshipper of Nemelex Xobeh the Trickster
  2624 | D:3      | Received a gift from Nemelex Xobeh
  2624 | D:3      | Reached * piety under Nemelex Xobeh
  2842 | D:3      | Reached XP level 6. HP: 36/47 MP: 7/10
  3178 | D:3      | Killed wearedevo's ghost
  3435 | D:4      | Found a glowing drain.
  3502 | Sewer    | Entered a sewer
  3735 | Sewer    | Reached XP level 7. HP: 52/52 MP: 6/12
  4342 | D:4      | Reached skill level 1 in Stealth
  4389 | D:4      | Reached ** piety under Nemelex Xobeh
  4944 | D:5      | Entered Level 5 of the Dungeon
  5010 | D:5      | Found Bef Ashru's Book Boutique.
  5120 | D:5      | HP: 1/53 [iguana (10)]
  5122 | D:5      | Mangled by an iguana

Levels and vault maps discovered:
D:1:      onia_arrival_zoo_common, layout_basic
D:2:      layout_basic, serial_forest, infiniplex_forest_clump_cross,
          infiniplex_forest_lined_3, infiniplex_forest_end_1,
          infiniplex_forest_lined_corner, infiniplex_forest_lined_ring,
          infiniplex_forest_end_1, chequers_serial_rivers_micro_b
D:3:      layout_basic, chequers_ecumenical_altar_simple_redux,
          ebering_ghost_reflecting_pool
D:4:      layout_gridville, portal_sewer_entry_d, first_ration
D:5:      layout_basic, serial_shops, kennysheep_little_box,
          hangedman_abyss_or_decor_stabs

Skill      XL: |  1  2  3  4  5  6  7 |
---------------+----------------------+-----
Fighting       | 3 |  3.7
Short Blades   | 3 4 |  4.3
Charms         | 4 |  4.9
Armour         | 2 3 |  3.0
Spellcasting   | 3 |  3.8
Translocations | 1 |  1.9
Throwing       | 1 2 |  2.2
Dodging        | 3 4 |  4.0
Stealth        | 1 |  1.1
Hexes          | |  0.6

Action                   |  1- 3 |  4- 6 |  7- 9 || total
-------------------------+-------+-------+-------++-------
Melee: Short sword       |    66 |       |       ||    66
       Dagger            |    31 |   149 |    72 ||   252
       Trident           |       |       |    32 ||    32
Throw: Stone             |    27 |    12 |       ||    39
       Boomerang         |       |    14 |    14 ||    28
 Cast: Shroud of Golubri |     9 |    11 |     5 ||    25
       Infusion          |     7 |     2 |     2 ||    11
       Spectral Weapon   |     1 |     5 |     2 ||     8
Invok: Draw Destruction  |       |     1 |       ||     1
  Use: Scroll            |     3 |     5 |     4 ||    12
       Potion            |       |     2 |     3 ||     5
 Stab: Sleeping          |       |     2 |     1 ||     3
  Eat: Ration            |     1 |     3 |     1 ||     5
       Chunk             |       |     1 |     1 ||     2
Armor: Leather armour    |    25 |    58 |    17 ||   100
Dodge: Dodged            |    82 |   120 |    78 ||   280

Table legend:
 A = Non-vault XP
 B = Vault XP
 C = Vault XP percentage of total XP
 D = Non-vault monster count
 E = Vault monster count
 F = Vault count percentage of total count
                 A         B        C        D         E       F
            +---------+---------+-------+---------+---------+-------
      Total |     753 |     345 |  31.4 |      91 |      26 |  22.2
            +---------+---------+-------+---------+---------+-------
        D:1 |      69 |       0 |   0.0 |      28 |       0 |   0.0
        D:2 |     156 |       0 |   0.0 |      15 |       0 |   0.0
        D:3 |     107 |     176 |  62.2 |      30 |       1 |   3.2
        D:4 |     331 |      13 |   3.8 |      13 |       1 |   7.1
        D:5 |      90 |       0 |   0.0 |       5 |       0 |   0.0
      Sewer |       0 |     156 | 100.0 |       0 |      24 | 100.0
            +---------+---------+-------+---------+---------+-------
